 Dungeon Crawl Stone Soup version 0.27-a0-1312-g5cdb2b3542 (webtiles) character file.

Game seed: 12375335555502507124

2876 lightspider the Fighter (level 9, -1/85 HPs)
             Began as a Hill Orc Fighter on June 20, 2021.
             Was a Believer of Beogh.
             Slain by an orc warrior (5 damage)
             ... in a bailey.
             The game lasted 00:25:47 (9311 turns).

lightspider the Fighter (Hill Orc Fighter)          Turns: 9311, Time: 00:25:49

Health: -1/85      AC: 15    Str: 22    XL:     9   Next: 76%
Magic:  9/9        EV:  4    Int:  8    God:    Beogh [**....]
Gold:   275        SH:  9    Dex: 10    Spells: 8/8 levels left

rFire    . . .     SeeInvis +   a - +0 long sword (freeze)
rCold    . . .     Faith    .   c - +0 kite shield
rNeg     . . .     Spirit   .   d - +0 plate armour
rPois    +         Reflect  .   (no helmet)
rElec    .         Harm     .   (no cloak)
rCorr    .         Rampage  .   (no gloves)
Will     .....                  e - +0 pair of boots
Stlth    ..........             (no amulet)
HPRegen  0.24/turn              i - ring of poison resistance
MPRegen  0.11/turn              t - ring of see invisible

@: no status effects
A: no striking features
a: Renounce Religion, Smiting


You were in a bailey.
You worshipped Beogh.
Beogh was pleased with you.
You visited 1 branch of the dungeon, and saw 7 of its levels.
You also visited: Bailey.

You collected 275 gold pieces.

Inventory:

Hand Weapons
 a - a +0 long sword of freezing (weapon)
Missiles
 n - 5 atropa-tipped darts (quivered)
Armour
 b - a +0 scale mail
 c - a +0 kite shield (worn)
 d - a +0 plate armour (worn)
 e - a +0 pair of boots (worn)
 m - a +0 chain mail
Jewellery
 i - a ring of poison resistance (left hand)
 l - a ring of ice
 t - a ring of see invisible (right hand)
Wands
 j - a wand of flame (18)
Scrolls
 o - a scroll of fog
 q - 3 scrolls of blinking
 s - 2 scrolls of identify
Potions
 h - a potion of lignification
 k - a potion of mutation
 p - 3 potions of degeneration


   Skills:
 + Level 9.8 Fighting
 + Level 8.6 Long Blades
 + Level 9.0 Armour
 - Level 3.2 Shields


You had 8 spell levels left.
You didn't know any spells.
Your spell library was empty.

Dungeon Overview and Level Annotations

Branches:
Dungeon (7/15)             Bailey (1/1)
 Temple: D:4-7

Altars:
Gozag
Yredelemnul

Shops:
D:1 :   D:4 *   D:5 :*

Annotations:
D:3 3 runed translucent doors, ClockworkOrrery's ghost, amateur GrFi; freelancePsychic's ghost, amateur HOFi
D:6 1 runed translucent door, Crazy Yiuf


Message History

You hit the orc warrior. You freeze the orc warrior.
You kill the orc warrior!
Beogh accepts your kill.
The orc warrior hits you with a +0 glaive!
The orc hits you from afar with a +0 halberd!
Your Armour skill increases to level 9!
You closely miss the orc warrior. You block the orc warrior's attack.
The orc hits you but does no damage. You block the orc warrior's attack.
You closely miss the orc warrior. The orc hits you but does no damage.
You block the orc warrior's attack.
An orc warrior comes into view. It is wielding a +0 glaive.
The orc warrior shouts!
You hear a shout! x2
The orc hits you with a +0 halberd. You block the orc warrior's attack.
You hit the orc. You freeze the orc.
The orc is severely wounded.
The orc hits you but does no damage. You block the orc warrior's attack.
The orc hits you with a +0 halberd!
You hit the orc. You freeze the orc.
You kill the orc!
Beogh accepts your kill.
The orc warrior hits you with a +0 glaive.
* * * LOW HITPOINT WARNING * * *
Okay, then.
Okay, then.
You hit the orc warrior but do no damage.
You block the orc warrior's attack.
The orc warrior hits you with a +0 glaive.
* * * LOW HITPOINT WARNING * * *
Okay, then.
You hit the orc warrior but do no damage.
You block the orc warrior's attack.
The orc warrior hits you from afar with a +0 glaive!
* * * LOW HITPOINT WARNING * * *
A centaur comes into view. It is wielding a +0 trident.
The centaur shouts!
You hear a shout!
The orc warrior hits you with a +0 glaive!
* * * LOW HITPOINT WARNING * * *
The orc warrior hits you with a +0 glaive.
You die...
Beogh appreciates the orc warrior's killing of a heretic priest.

.≈≈≈..≈ #....#####...
...≈≈≈. #...##....≈≈≈
.....≈c #...#.⌠)≈≈≈..
...⌠.≈≈ #...#.)≈≈..≈≈
......≈ #..⌠#.≈≈.≈≈≈.
≈≈....≈ #..##.≈.≈≈..≈
≈≈≈≈...#####..#.≈≈.≈.≈≈≈
≈≈≈≈≈..)...'..#.≈.≈≈.≈..
≈≈≈≈≈..@o).'..#.≈....≈..
≈≈≈≈≈.o....'..#.≈.≈≈.≈..
≈≈≈≈...#####).# .≈.≈≈≈
≈≈....≈ #.)## .≈≈..≈
......≈ #..⌠# ≈.≈≈≈.
...⌠.≈≈ #.).# ≈≈..≈≈
.....≈. #...# .≈≈≈..
...≈≈≈. #...## ...≈≈≈
#....#####...


You could see 2 orc warriors and a centaur.

Vanquished Creatures
  Maggie (D:6)
  Grinder (D:4)
  A wyvern (D:6)
  A steam dragon (D:7)
  A water moccasin (D:6)
  5 orc warriors (Bailey)
  A black bear (D:6)
  2 ogres
  A centaur (Bailey)
  2 phantoms (D:4)
  2 scorpions
  A wyvern zombie (D:6)
  A water moccasin skeleton (D:6)
  2 howler monkeys
  A bullfrog zombie (D:5)
  2 hounds
  3 jellies
  3 orc priests
  A bullfrog skeleton (D:5)
  An iguana (D:4)
  5 orc wizards
  A killer bee zombie (D:5)
  2 hound skeletons
  4 gnolls (D:6)
  6 adders
  An ufetubus (D:5)
  An adder skeleton (D:4)
  4 worms
  8 dart slugs
  33 orcs
  4 ball pythons
  14 bats
  7 endoplasms
  5 giant cockroaches
  8 hobgoblins
  8 jackals
  3 quokkas
  4 frilled lizards
  3 goblins
  A jackal skeleton (D:4)
  9 kobolds
  4 rats
168 creatures vanquished.

Vanquished Creatures (others)
  An orc wizard (D:5)
  An orc (D:2)
  2 endoplasms (D:2)
  A giant cockroach (D:2)
  A hobgoblin (D:2)
  5 jackals (D:2)
  A ball python (D:2)
  2 rats (D:2)
  6 withered plants (D:3)
20 creatures vanquished.

Grand Total: 188 creatures vanquished

Notes
Turn   | Place    | Note
-------+----------+-------------------------------------------
     0 | D:1      | lightspider the Hill Orc Fighter began the quest for the
                  | Orb.
     0 | D:1      | Reached XP level 1. HP: 19/19 MP: 1/1
   228 | D:1      | Reached XP level 2. HP: 26/27 MP: 2/2
   293 | D:1      | Found Miriqas's Book Shop.
   520 | D:1      | Reached XP level 3. HP: 19/33 MP: 3/3
  1005 | D:2      | Became a worshipper of Beogh the Brigand
  1131 | D:2      | Reached XP level 4. HP: 20/41 MP: 4/4
  1522 | D:2      | Reached * piety under Beogh
  1609 | D:2      | Found a faded altar of an unknown god.
  2275 | D:3      | Found an opulent altar of Gozag.
  2304 | D:3      | Reached XP level 5. HP: 37/47 MP: 5/5
  2483 | D:3      | Reached skill level 5 in Fighting
  2608 | D:3      | Noticed freelancePsychic's ghost (amateur HOFi)
  2608 | D:3      | Noticed ClockworkOrrery's ghost (amateur GrFi)
  2609 | D:3      | Found a runed translucent gate.
  2609 | D:3      | Found a runed translucent gate.
  2609 | D:3      | Found a runed translucent gate.
  2958 | D:4      | Reached ** piety under Beogh
  2981 | D:4      | Reached XP level 6. HP: 13/56 MP: 6/6
  3259 | D:4      | Reached skill level 5 in Armour
  3375 | D:4      | Found Hafisoes's Assorted Antiques.
  3921 | D:4      | Noticed Grinder
  3962 | D:4      | Paralysed by Grinder for 2 turns
  3964 | D:4      | Killed Grinder
  3965 | D:4      | Reached skill level 5 in Long Blades
  3965 | D:4      | Reached XP level 7. HP: 23/64 MP: 0/7
  4603 | D:5      | Entered Level 5 of the Dungeon
  4648 | D:5      | Found Diad's Overcharged Wands.
  4761 | D:5      | Reached XP level 8. HP: 63/73 MP: 8/8
  5473 | D:5      | Found Meusufri's Book Emporium.
  5875 | D:5      | Found a basalt altar of Yredelemnul.
  6249 | D:6      | Noticed a wyvern
  6255 | D:6      | Killed a wyvern
  6751 | D:6      | Found a runed translucent door.
  6752 | D:6      | Noticed Crazy Yiuf
  6831 | D:6      | Reached XP level 9. HP: 82/82 MP: 9/9
  6863 | D:6      | Noticed Maggie
  7241 | D:6      | HP: 3/82 [Maggie (2)]
  7244 | D:6      | Killed Maggie
  8332 | D:7      | Found a flagged portal.
  8341 | Bailey   | Entered a bailey
  9311 | Bailey   | HP: 4/85 [orc warrior (9)]
  9311 | Bailey   | Slain by an orc warrior

Illustrated notes

Levels and vault maps discovered:
D:1:      co_arrival_square_in_a_square_in_a_square, layout_basic, serial_shops,
          nicolae_shop_behind_doors
D:2:      layout_rooms, shapermc_ecumenical_altar_mp_vishouse, minmay_tromino_i4
D:3:      layout_loops_ring, old_standard_altar, gammafunk_ghost_cemetery,
          roderic_batcave, minmay_misc_feat_ornament
D:4:      layout_loops_ring, serial_shops, nicolae_diamond_shop, uniq_grinder
D:5:      layout_basic, lemuel_coloured_pillars_altar, serial_shops, shop,
          nicolae_shop_overcharged_wands
D:6:      layout_rooms, uniq_maggie, uniq_crazy_yiuf_cottage
D:7:      layout_loops_ring, nicolae_tso_carved_into_rock, temple_doors_e,
          enter_bailey_2
Bailey:   bailey_polearm_flooded_kennysheep, bailey

Skill      XL: |  1  2  3  4  5  6  7  8  9 |
---------------+----------------------------+-----
Fighting       | 4 5 6 7 8 9 |  9.8
Long Blades    | 3 4 5 7 8 |  8.6
Armour         | 4 5 6 7 9 |  9.0
Shields        | |  3.2

Action                   |  1- 3 |  4- 6 |  7- 9 || total
-------------------------+-------+-------+-------++-------
Melee: Long sword        |   137 |   191 |   356 ||   684
Throw: Dart              |       |       |     8 ||     8
Invok: Convert to Beogh  |     1 |       |       ||     1
       Smiting           |       |     2 |     4 ||     6
  Use: Scroll            |       |     8 |     9 ||    17
       Potion            |       |     2 |     7 ||     9
 Stab: Invisible         |       |       |     1 ||     1
Armor: Scale mail        |    77 |    95 |     6 ||   178
       Chain mail        |       |       |    91 ||    91
       Plate armour      |       |       |   136 ||   136
       Skin              |       |       |    11 ||    11
Dodge: Dodged            |    58 |    61 |    70 ||   189
Block: Kite shield       |    93 |    87 |   202 ||   382
       Rpst.: Long sword |    18 |    17 |    10 ||    45

Table legend: (Time is in decaauts)
 A = Elapsed time spent in this place.
 B = Non-inter-level travel time spent in this place.
 C = Inter-level travel time spent in this place.
 D = Time resting spent in this place.
 E = Time spent auto-exploring this place.
 F = Levels seen in this place.
 G = Mean time per level.
                   A        B        C        D        E       F      G
               +--------+--------+--------+--------+--------+-----+--------+
         Total |   9544 |   9358 |    186 |   3487 |   3734 |   8 | 1193.0 |
       Dungeon |   8556 |   8370 |    186 |   2777 |   3734 |   7 | 1222.3 |
        Bailey |    988 |    988 |      0 |    710 |      0 |   1 |  988.0 |
               +--------+--------+--------+--------+--------+-----+--------+

Top non-repeatable levels by time:
     D:6: 1720 daAuts
     D:5: 1653 daAuts
     D:4: 1532 daAuts
     D:3: 1274 daAuts
     D:1: 1045 daAuts
  Bailey: 988 daAuts
     D:2: 894 daAuts
     D:7: 434 daAuts
